 Dungeon Crawl Stone Soup version 0.27-a0-1431-gcffa5a9b16 (webtiles) character file.

Game seed: 227799303255666732

92 unlimited the Firebug (level 4, -3/31 (33) HPs)
             Began as a Demigod Fire Elementalist on July 2, 2021.
             Slain by Crazy Yiuf (12 damage)
             ... on level 3 of the Dungeon.
             The game lasted 00:43:11 (4425 turns).

unlimited the Firebug (Demigod Fire Elementalist)   Turns: 4425, Time: 00:43:12

HP:   -3/31 (33)    AC:  2    Str:  9    XL:     4   Next: 13%
MP:   10/10         EV: 12    Int: 21    God:
Gold: 132           SH:  0    Dex: 14    Spells: 7/8 levels left

rFire    . . .     SeeInvis .   d - staff of death
rCold    + . .     Faith    .   (no shield)
rNeg     + . .     Spirit   .   w - +0 robe
rPois    .         Reflect  .   (no helmet)
rElec    .         Harm     .   (no cloak)
rCorr    .         Rampage  .   (no gloves)
Will     .....                  (no boots)
Stlth    ++........             (no amulet)
HPRegen  0.10/turn              v - ring of protection from cold
MPRegen  0.12/turn              (no ring)

@: drained
A: high mp 1, forlorn
a: no special abilities


You were on level 3 of the Dungeon.
You visited 1 branch of the dungeon, and saw 3 of its levels.

You collected 132 gold pieces.

Inventory:

Hand Weapons
 h - a +0 whip
 k - a +0 short sword
 p - a +0 dagger of speed
 s - a +0 hunting sling
Missiles
 c - 47 stones
 n - 40 bolts
 o - 11 arrows
Armour
 a - a +0 robe
 w - a +0 robe (worn)
Magical Staves
 d - a staff of death (weapon)
Jewellery
 v - a ring of protection from cold (left hand)
Scrolls
 e - a scroll of fear
 f - a scroll of enchant armour
 i - a scroll of summoning
 j - a scroll of fog
 l - a scroll of acquirement
 q - 2 scrolls of magic mapping {unknown}
 r - a scroll of amnesia {unknown}
Potions
 g - a potion of attraction {unknown}
 m - a potion of curing
 t - 2 potions of heal wounds {unknown}
 u - a potion of resistance {unknown}


   Skills:
 + Level 0.1 Fighting
 + Level 1.9 Dodging
 + Level 2.5 Stealth
 + Level 2.5 Spellcasting
 + Level 1.4 Conjurations
 + Level 3.5 Fire Magic


You had 7 spell levels left.
You knew the following spells:

 Your Spells              Type           Power      Damage    Failure   Level
a - Foxfire               Conj/Fire      52%        2x1d6     4%          1

Your spell library contained the following spells:

 Spells                   Type           Power      Damage    Failure   Level
 Conjure Flame            Conj/Fire      13%        6-21      16%         3
 Inner Flame              Hex/Fire       10%        N/A       21%         3
 Ensorcelled Hibernation  Hex/Ice        4%         N/A       22%         2
 Sublimation of Blood     Necr           2%         N/A       22%         2
 Spider Form              Tmut/Pois      1%         N/A       38%         3
 Sticky Flame             Conj/Fire      13%        2d4       45%         4
 Petrify                  Tmut/Erth      2%         N/A       80%         4
 Fireball                 Conj/Fire      6%         3d5       80%         5
 Irradiate                Conj/Tmut      2%         3d14      96%         5
 Shadow Creatures         Summ           N/A        N/A       100%        6


Dungeon Overview and Level Annotations

Branches:
Dungeon (3/15)

Annotations:
D:3 Crazy Yiuf


Innate Abilities, Weirdness & Mutations

Your attributes grow dramatically as you level up.
You have an increased reservoir of magic. (+10% MP)
You shall have no god before yourself.


Message History

Crazy Yiuf hits you with a +2 quarterstaff of chaos!
* * * LOW HITPOINT WARNING * * *
You are confused.
You feel better.
The foxfire hits Crazy Yiuf.
Crazy Yiuf is lightly wounded.
The foxfire hits Crazy Yiuf but does no damage.
Crazy Yiuf is lightly wounded.
Crazy Yiuf barely misses you.
Crazy Yiuf cries, "Line!
Peeping sallow high."
You see here a +0 short sword.
Crazy Yiuf laughs, "Orb!"
There is an open door here.
Crazy Yiuf waves his quarterstaff at you.
Crazy Yiuf hits you with a +2 quarterstaff of chaos.
Casting: Foxfire (safe; 4% risk of failure)
Confirm with . or Enter, or press ? or * to list all spells.
You conjure some foxfire!
The foxfire hits Crazy Yiuf.
Crazy Yiuf is lightly wounded.
The foxfire hits Crazy Yiuf but does no damage.
Crazy Yiuf is lightly wounded.
Crazy Yiuf twirls on the spot.
Crazy Yiuf barely misses you.
Crazy Yiuf screams, "Ten arm Hive!"
Crazy Yiuf whimpers, "Defame seventy mobile!"
Crazy Yiuf screams, "Tonal stair seventy!"
Crazy Yiuf yells, "Leather high cower!"
Crazy Yiuf cries, "You leg down broken song, no?"
Crazy Yiuf says, "Crazy?
Crazy!?
PORCUPINE!"
Crazy Yiuf grits, "Liver ragdoll alas!"
Crazy Yiuf whimpers, "Two!"
Crazy Yiuf says, "Walk sing-song childish!"
Crazy Yiuf hits you with a +2 quarterstaff of chaos!
You partially resist.
You feel drained.
* * * LOW HITPOINT WARNING * * *
As you read the scroll of summoning, it crumbles to dust.
Wisps of shadow whirl around you...
Crazy Yiuf yells, "Snoogle verde agre!"
Crazy Yiuf hits you with a +2 quarterstaff of chaos!
You die...

#.......#....P.#..##...#
##.##.#.##....#.### ###
#.##.#.######### #.##.#)###
#.#......# ########.#..#.#.#
..............h.#
.#######.##.....######### .#
#...h..Kg@g......# .###
######.#########.# ...# #.# #.#
.#.# #.# #.# .#.# ##'## #.#
.#.#### ##...## #.## # ......#
##.....## #..# # ##..#.#
##.......## ##..# #
##....###.........####...########


You could see Crazy Yiuf (ally target), 2 friendly jackals, a friendly hobgoblin
(summoned) and a friendly kobold (summoned).

Vanquished Creatures
  2 adders
  A white imp (D:3)
  3 dart slugs
  4 ball pythons (D:1)
  5 endoplasms
  10 giant cockroaches
  8 hobgoblins
  4 quokkas
  5 bats
  3 frilled lizards
  2 goblins
  2 kobolds (D:1)
  8 rats
57 creatures vanquished.

Vanquished Creatures (others)
  192 foxfires
  3 fungi (D:3)
195 creatures vanquished.

Grand Total: 252 creatures vanquished

Notes
Turn   | Place    | Note
-------+----------+-------------------------------------------
     0 | D:1      | unlimited the Demigod Fire Elementalist began the quest for
                  | the Orb.
     0 | D:1      | Reached XP level 1. HP: 14/14 MP: 5/5
   130 | D:1      | Reached skill level 3 in Fire Magic
   235 | D:1      | Reached XP level 2. HP: 20/20 MP: 5/7
   315 | D:1      | Reached skill level 1 in Conjurations
  1910 | D:2      | Reached XP level 3. HP: 25/26 MP: 5/9
  2884 | D:2      | Identified a scroll of acquirement
  3358 | D:3      | Reached XP level 4. HP: 26/33 MP: 3/10
  4339 | D:3      | Found a runed translucent door.
  4340 | D:3      | Noticed Crazy Yiuf
  4425 | D:3      | Slain by Crazy Yiuf

Illustrated notes

Levels and vault maps discovered:
D:1:      shiori_shiawase, layout_basic, hellmonk_ecumenical_altar_lost_god,
          chequers_serial_rivers_micro_d, st_stairs_13, supply_closet_lemuel,
          minivault_11
D:2:      minmay_roachtagon, layout_rooms, chequers_serial_rivers_small_3
D:3:      layout_loops_corners, grunt_temple_overflow_holy_war, minivault_23,
          uniq_crazy_yiuf_cottage

Skill      XL: |  1  2  3 |
---------------+----------+-----
Fire Magic     | 3 |  3.5
Spellcasting   | 2 |  2.5
Conjurations   | 1 |  1.4
Stealth        | 2 |  2.5
Fighting       | |  0.1
Dodging        | |  1.9

Action                   |  1- 3 |  4- 6 || total
-------------------------+-------+-------++-------
Melee: Unarmed           |     1 |       ||     1
       Staff             |    25 |    69 ||    94
       Dagger            |       |    15 ||    15
 Cast: Foxfire           |   105 |    13 ||   118
  Use: Scroll            |     6 |     1 ||     7
       Potion            |       |     1 ||     1
 Stab: Sleeping          |     1 |       ||     1
Armor: Robe              |    17 |       ||    17
Dodge: Dodged            |    57 |     5 ||    62

Table legend: (Time is in decaauts)
 A = Elapsed time spent in this place.
 B = Non-inter-level travel time spent in this place.
 C = Inter-level travel time spent in this place.
 D = Time resting spent in this place.
 E = Time spent auto-exploring this place.
 F = Levels seen in this place.
 G = Mean time per level.
                   A        B        C        D        E       F      G
               +--------+--------+--------+--------+--------+-----+--------+
         Total |   4437 |   2442 |   1995 |   1841 |      0 |   3 | 1479.0 |
       Dungeon |   4437 |   2442 |   1995 |   1841 |      0 |   3 | 1479.0 |
               +--------+--------+--------+--------+--------+-----+--------+

Top non-repeatable levels by time:
     D:1: 1903 daAuts
     D:3: 1410 daAuts
     D:2: 1123 daAuts
